 Dungeon Crawl Stone Soup version 0.21-a0-349-g0c35859 (webtiles) character file.

6576 Tardigrade the Cleaver (level 10, 0/139 HPs)
             Began as a Minotaur Monk on Oct 8, 2017.
             Was a Priest of Okawaru.
             Slain by a troll (shapeshifter) (8 damage)
             ... on level 8 of the Dungeon.
             The game lasted 00:32:15 (7963 turns).

Tardigrade the Cleaver (Minotaur Monk)              Turns: 7963, Time: 00:32:15

Health: 0/139      AC: 25    Str: 16    XL:     10   Next: 71%
Magic:  10/10      EV:  2    Int: 14    God:    Okawaru [***...]
Gold:   222        SH:  0    Dex: 15    Spells: 9/9 levels left

rFire    . . .     SeeInvis +   D - +0 war axe
rCold    . . .     Gourm    .   (no shield)
rNeg     + + +     Faith    .   (armour currently unavailable)
rPois    +         Spirit   .   (helmet currently unavailable)
rElec    .         Reflect  .   (cloak currently unavailable)
rCorr    .         Harm     .   (gloves currently unavailable)
MR       +....     NoTele   +   (boots currently unavailable)
Stlth    ++........             (no amulet)
HPRegen  0.00/turn              l - ring of see invisible
MPRegen  0.12/turn              w - ring "Xootyonwo" {Int+4 SInv}

@: tree-form
A: (retaliatory headbutt), clever 1, deterioration 1, magic resistance 1,
inhibited regeneration, no potion heal 1, MP-powered wands
a: Heroism, Renounce Religion


You were on level 8 of the Dungeon.
You worshipped Okawaru.
Okawaru was most pleased with you.
You were very hungry.
You were a tree.
You visited 2 branches of the dungeon, and saw 9 of its levels.
You also visited: Sewer.

You collected 517 gold pieces.
You spent 295 gold pieces at shops.

Inventory:

Hand Weapons
 D - a +0 war axe (weapon)
 E - a +2 flail of protection
Armour
 n - a scarf of cloud immunity (melded)
 t - the +10 plate armour of Atheism (melded) {rF+ Dex+2}
   (You found it on level 5 of the Dungeon)

   It affects your dexterity (+2).
   It protects you from fire.
 C - a +1 pair of boots (melded)
Jewellery
 l - a ring of see invisible (left branch)
 w - the ring "Xootyonwo" (right branch) {Int+4 SInv}
   (You found it on level 4 of the Dungeon)

   [ring of see invisible]

   It affects your intelligence (+4).
   It lets you see invisible.
Wands
 i - a wand of lightning (9/15)
 A - a wand of polymorph (15/24)
Scrolls
 d - 3 scrolls of enchant armour
 h - 4 scrolls of remove curse
 j - 7 scrolls of enchant weapon
 k - 6 scrolls of fog
 q - 2 scrolls of fear {unknown}
 u - 6 scrolls of teleportation
 v - 3 scrolls of identify
 x - a scroll of amnesia {unknown}
 y - a scroll of silence {unknown}
 z - a scroll of holy word {unknown}
 B - a scroll of recharging {unknown}
 F - 3 scrolls of blinking
 G - 2 scrolls of random uselessness {unknown}
 I - 2 scrolls of magic mapping {unknown}
Potions
 e - 6 potions of flight
 f - a potion of cancellation
 m - 2 potions of resistance
 p - 2 potions of lignification
 r - a potion of agility
 s - 2 potions of magic
 H - a potion of curing
Comestibles
 a - 3 fruits
 b - 3 royal jellies
 c - 6 bread rations
 g - 7 meat rations


   Skills:
 + Level 10.3 Fighting
 * Level 13.5 Axes
 + Level 9.5 Armour
 - Level 3.2 Dodging
 - Level 1.5 Stealth
 + Level 2.5 Invocations


You had 9 spell levels left.
You didn't know any spells.

Dungeon Overview and Level Annotations

Branches:
Dungeon (8/15)             Temple (1/1) D:4
   Lair: D:8-11

Altars:
Ashenzari
Cheibriados
Elyvilon
Fedhas
Gozag
Hepliaklqana
Kikubaaqudgha
Makhleb
Nemelex Xobeh
Okawaru
Qazlal
Ru
Sif Muna
Trog
Uskayaw
Vehumet
Wu Jian
Xom
Yredelemnul
Zin
The Shining One

Shops:
D:5 *%(   D:7 ?


Innate Abilities, Weirdness & Mutations

((You reflexively headbutt those who attack you in melee.))
((You have a pair of horns on your head.))
((You are partially covered in iridescent scales. (AC +2)))
Your mind is acute. (Int +2)
((Armour fits poorly on your strangely shaped body.))
Your body sometimes deteriorates upon taking damage.
You are resistant to hostile enchantments. (MR+)
You do not regenerate when monsters are visible.
Potions are less effective at restoring your health.
You expend magic power (3 MP) to strengthen your wands.


Message History

You are confused.
Your system partially rejects the healing.
You feel invigorated. The black mamba bites you.
* * * LOW HITPOINT WARNING * * *
You are lethally poisoned!
The black mamba poisons you!
Okay, then.
Your system partially rejects the healing.
You feel better.
You feel less invigorated.
The black mamba changes into a troll!
Okay, then.
You closely miss the troll. The troll bites you but does no damage.
The troll claws you but does no damage. x2
You closely miss the troll. You hit the troll but do no damage.
The troll bites you but does no damage.
The troll claws you but does no damage. x2
You hit the troll.
The troll is lightly wounded.
The troll bites you!
You die...

##### #...# #...# #...#
#...#
########..a#############
(........ZcT♣..........#
##..###.##############.#
...........# ###.....##
.#...#...#.# #........#
#..F#...#..# #........#
# ..l#ZOs#...#
#........###.# #..Y#..
#..# #............#
.#.aO#. .#
#._.......##.# .......
.# ###+#####.##.#


You could see a troll shaped shifter, a centaur, a worker ant and an adder
skeleton.

Vanquished Creatures
  2 two-headed ogres (D:8)
  The ghost of Brenkie the Cleaver, a novice MiFi of Trog (D:5)
  Pikel (D:5)
  The ghost of Sparky the Thaumaturge, a novice DEEE of Sif Muna (D:6)
  A wyvern (D:8)
  Sigmund (D:4)
  A hungry ghost (D:8)
  Edmund (D:5)
  Duvessa (D:5)
  3 sky beasts
  2 orc warriors (D:6)
  An ice beast (D:5)
  2 black bears
  A phantom (D:6)
  4 ogres
  3 centaurs
  7 bullfrogs
  Dowan (D:5)
  A water moccasin skeleton (D:6)
  2 scorpions (D:6)
  7 wights (D:7)
  3 crimson imps
  A bullfrog zombie (D:5)
  A quasit (D:6)
  3 hounds
  5 orc priests
  Crazy Yiuf (D:5)
  A jelly (D:6)
  A bullfrog skeleton (D:5)
  6 orc wizards
  An iguana (D:8)
  Natasha (twice) (D:2)
  3 worker ants
  2 hound skeletons (D:7)
  2 worker ant zombies
  2 howler monkey skeletons
  10 adders
  A shadow imp (D:5)
  An adder zombie (D:7)
  3 adder skeletons
  2 worms (D:2)
  2 dart slugs
  8 leopard geckos
  19 orcs
  4 bats
  7 giant cockroaches
  4 goblins
  9 hobgoblins
  12 jackals
  7 kobolds
  6 quokkas
  3 ball pythons (Sewer)
  10 frilled lizards
  5 rats
191 creatures vanquished.

Vanquished Creatures (others)
  A worker ant (D:5)
  A frilled lizard (D:5)
2 creatures vanquished.

Grand Total: 193 creatures vanquished

Notes
Turn   | Place    | Note
-------+----------+-------------------------------------------
     0 | D:1      | Tardigrade the Minotaur Monk began the quest for the Orb.
     0 | D:1      | Reached XP level 1. HP: 19/19 MP: 0/0
   336 | D:1      | Reached skill level 4 in Axes
   421 | D:1      | Reached XP level 2. HP: 10/27 MP: 1/1
   708 | D:1      | Reached skill level 1 in Armour
  1009 | D:2      | Reached XP level 3. HP: 31/33 MP: 2/2
  1293 | D:2      | Found a glowing silver altar of Zin.
  1481 | D:2      | Noticed Natasha
  1488 | D:2      | Killed Natasha
  1488 | D:2      | Reached skill level 5 in Axes
  1488 | D:2      | Reached XP level 4. HP: 40/41 MP: 3/3
  1488 | D:2      | Noticed Natasha
  1495 | D:2      | Killed Natasha
  2072 | D:3      | Found a glowing drain.
  2097 | Sewer    | Entered a sewer
  2344 | D:3      | Reached XP level 5. HP: 47/47 MP: 4/4
  2631 | D:3      | Found a shattered altar of Ashenzari.
  2631 | D:3      | Found an opulent altar of Gozag.
  2882 | D:4      | Found a burning altar of Makhleb.
  2907 | D:4      | Reached skill level 6 in Axes
  3137 | D:4      | Got a twitching golden ring
  3138 | D:4      | Identified the ring "Xootyonwo" {Int+4 SInv} (You found it on level 4 of the Dungeon)
  3154 | D:4      | Noticed a black bear
  3163 | D:4      | Killed a black bear
  3163 | D:4      | Reached skill level 5 in Fighting
  3163 | D:4      | Reached XP level 6. HP: 26/56 MP: 5/5
  3385 | D:4      | Noticed Sigmund
  3407 | D:4      | Killed Sigmund
  3407 | D:4      | Reached skill level 7 in Axes
  3463 | D:4      | Reached XP level 7. HP: 49/62 MP: 6/6
  3533 | D:4      | Found a hazy altar of Hepliaklqana.
  3611 | D:4      | Found a staircase to the Ecumenical Temple.
  3624 | Temple   | Entered the Ecumenical Temple
  3898 | D:4      | Reached skill level 8 in Axes
  4380 | D:5      | Entered Level 5 of the Dungeon
  4383 | D:5      | Noticed Brenkie's ghost (novice MiFi)
  4423 | D:5      | HP: 3/94 [Brenkie's ghost (9)]
  4430 | D:5      | Killed Brenkie's ghost
  4430 | D:5      | Reached skill level 9 in Axes
  4430 | D:5      | Reached skill level 5 in Armour
  4430 | D:5      | Reached XP level 8. HP: 18/71 MP: 7/7
  4726 | D:5      | Found Kaoxok's Food Emporium.
  4785 | D:5      | Got a fine plate armour
  4796 | D:5      | Identified the +10 plate armour of Atheism {rF+ Dex+2} (You found it on level 5 of the Dungeon)
  4797 | D:5      | Found Gywoer's Weapon Shop.
  4883 | D:5      | Noticed Pikel
  4894 | D:5      | Killed Pikel
  4894 | D:5      | Reached skill level 10 in Axes
  4920 | D:5      | Noticed Edmund
  4943 | D:5      | Killed Edmund
  4943 | D:5      | Reached XP level 9. HP: 71/81 MP: 8/8
  4984 | D:5      | Noticed Dowan
  4985 | D:5      | Noticed Duvessa
  5005 | D:5      | Killed Duvessa
  5014 | D:5      | Killed Dowan
  5156 | D:5      | Found a runed door.
  5160 | D:5      | Noticed Crazy Yiuf
  5171 | D:5      | Killed Crazy Yiuf
  5282 | D:5      | Found Jumn's Assorted Antiques.
  5289 | D:5      | Bought a scroll labeled YTAFIO DOIPLO NASH for 25 gold pieces
  5289 | D:5      | Bought a murky coppery potion for 22 gold pieces
  5289 | D:5      | Bought a scroll of teleportation for 75 gold pieces
  5289 | D:5      | Bought a scroll labeled QIZOCEV ZOPNI for 25 gold pieces
  5289 | D:5      | Bought a scroll labeled ROEPUIROECH for 25 gold pieces
  5618 | D:6      | Noticed Sparky's ghost (novice DEEE)
  5629 | D:6      | Killed Sparky's ghost
  5629 | D:6      | Reached skill level 11 in Axes
  5840 | D:6      | Gained mutation: Potions are less effective at restoring your health. [mutagenic meat]
  5841 | D:6      | Gained mutation: You expend magic power (3 MP) to strengthen your wands. [mutagenic meat]
  5842 | D:6      | Gained mutation: Armour fits poorly on your strangely shaped body. [mutagenic meat]
  5843 | D:6      | Gained mutation: You are partially covered in iridescent scales. (AC +2) [mutagenic meat]
  5906 | D:6      | Found a bloodstained altar of Trog.
  6165 | D:6      | Reached skill level 12 in Axes
  6909 | D:7      | Reached XP level 10. HP: 91/91 MP: 9/9
  6976 | D:7      | Found a glowing golden altar of the Shining One.
  7008 | D:7      | Found Lesixos's Magic Scroll Boutique.
  7011 | D:7      | Bought a scroll of blinking for 97 gold pieces
  7011 | D:7      | Bought a scroll of fog for 26 gold pieces
  7176 | D:7      | Found an ancient bone altar of Kikubaaqudgha.
  7202 | D:7      | Gained mutation: Your muscles are strong. (Str +2) [mutagenic meat]
  7203 | D:7      | Lost mutation: Your muscles are strong. (Str +2) [mutagenic meat]
  7204 | D:7      | Gained mutation: You are resistant to hostile enchantments. (MR+) [mutagenic meat]
  7205 | D:7      | Gained mutation: Your body sometimes deteriorates upon taking damage. [mutagenic meat]
  7206 | D:7      | Gained mutation: Your mind is acute. (Int +2) [mutagenic meat]
  7207 | D:7      | Gained mutation: You do not regenerate when monsters are visible. [mutagenic meat]
  7268 | D:7      | Found an iron altar of Okawaru.
  7308 | D:7      | Became a worshipper of Warmaster Okawaru
  7308 | D:7      | Reached * piety under Okawaru
  7308 | D:7      | Reached ** piety under Okawaru
  7866 | D:8      | Found a sparkling altar of Nemelex Xobeh.
  7903 | D:8      | Noticed a two-headed ogre
  7903 | D:8      | Noticed an orb spider
  7903 | D:8      | a yak changed into an orb spider
  7906 | D:8      | Noticed a two-headed ogre
  7915 | D:8      | Reached skill level 13 in Axes
  7917 | D:8      | Noticed a black mamba
  7917 | D:8      | an orb spider changed into a black mamba
  7922 | D:8      | Reached skill level 1 in Invocations
  7932 | D:8      | Killed a two-headed ogre
  7932 | D:8      | Reached skill level 10 in Fighting
  7940 | D:8      | Killed a two-headed ogre
  7940 | D:8      | Reached *** piety under Okawaru
  7957 | D:8      | HP: 5/139 [black mamba (shapeshifter) (10)]
  7957 | D:8      | HP: 2/139 [black mamba (shapeshifter) (3)]
  7959 | D:8      | a black mamba changed into a troll
  7963 | D:8      | Slain by a troll (shapeshifter)

Vault maps used:
D:1:      dpeg_arrival_rhombus, minmay_tiny_reverse_x
D:2:      marbit_many_paths, uniq_natasha
D:3:      gammafunk_temple_overflow_elements, portal_sewer_entry_f
D:4:      black_bear_nest_1, lemuel_doored_altar, lemuel_crystal_altar,
          minmay_temple_entry_glassed_door, uniq_sigmund
D:5:      serial_shops, shop, shop, shop_coins, first_bread, uniq_edmund,
          uniq_crazy_yiuf_cottage, uniq_duvessa, uniq_pikel
D:6:      nicolae_overflow_hidden_temple
D:7:      kiku_gazebo_garden_becter, tso_oasis_becter, okawaru_gym_becter,
          serial_shops, nicolae_shop_behind_doors
D:8:      cheibrodos_fzero, nicolae_dithmenos_shadow_blocks,
          overflow_temple_1_default, lair_entry_dummy
Temple:   minmay_temple_curvy_loop
Sewer:    sewer_co_purgy_island

Skill      XL: |  1  2  3  4  5  6  7  8  9 10 |
---------------+-------------------------------+-----
Axes           | 4 5 6 7 9 10 12 13 | 13.5
Armour         | 1 2 3 4 5 6 8 9 |  9.5
Fighting       | 4 5 6 7 9 10 | 10.3
Invocations    | 2 |  2.5
Dodging        | |  3.2
Stealth        | |  1.5

Action                   |  1- 3 |  4- 6 |  7- 9 | 10-12 || total
-------------------------+-------+-------+-------+-------++-------
Melee: Hand axe          |   113 |    92 |    67 |       ||   272
       Headbutt          |    17 |    29 |    70 |    47 ||   163
       Unarmed           |       |    12 |       |       ||    12
       Flail             |       |       |    47 |       ||    47
       War axe           |       |       |   199 |   167 ||   366
Invok: Heroism           |       |       |       |     1 ||     1
  Use: Scroll            |       |     5 |     3 |       ||     8
       Potion            |       |     2 |     7 |     4 ||    13
 Stab: Sleeping          |     3 |       |       |       ||     3
  Eat: Chunk             |     2 |     6 |    13 |     9 ||    30
       Royal jelly       |       |       |     1 |       ||     1
       Meat ration       |       |       |       |     2 ||     2
Armor: Robe              |     3 |       |       |       ||     3
       Ring mail         |    29 |    11 |     8 |       ||    48
       Scale mail        |       |     7 |       |       ||     7
       Chain mail        |       |    10 |       |       ||    10
       Skin              |       |     2 |    24 |     9 ||    35
       Plate armour      |       |       |   134 |   113 ||   247
Dodge: Dodged            |    75 |    71 |    85 |    61 ||   292

Table legend:
 A = Spawn XP
 B = Non-spawn XP
 C = Spawn XP percentage of total XP
 D = Spawn monster count
 E = Non-spawn monster count
 F = Spawn count percentage of total count
 G = Total turns spent on level
                    A         B        C        D         E        F      G
               +---------+---------+-------+---------+---------+-------+---------
         Total |       0 |    9395 |   0.0 |       0 |     191 |   0.0 |  7963
               +---------+---------+-------+---------+---------+-------+---------
           D:1 |       0 |      33 |   0.0 |       0 |      19 |   0.0 |   966
           D:2 |       0 |     139 |   0.0 |       0 |      35 |   0.0 |   983
           D:3 |       0 |      59 |   0.0 |       0 |      11 |   0.0 |   821
           D:4 |       0 |     838 |   0.0 |       0 |      24 |   0.0 |  1547
           D:5 |       0 |    2070 |   0.0 |       0 |      16 |   0.0 |   946
           D:6 |       0 |    2116 |   0.0 |       0 |      34 |   0.0 |  1141
           D:7 |       0 |    1527 |   0.0 |       0 |      39 |   0.0 |   971
           D:8 |       0 |    2607 |   0.0 |       0 |       9 |   0.0 |   270
         Sewer |       0 |       6 |   0.0 |       0 |       4 |   0.0 |   110
               +---------+---------+-------+---------+---------+-------+---------
